 Dungeon Crawl Stone Soup version 0.28-a0-1213-g0243856 (webtiles) character file.

Game seed: 11007053808774173046

10 DUBB the Ducker (level 2, -19/23 HPs)
             Began as a Demonspawn Gladiator on Dec 21, 2021.
             Demolished by a kobold (20 damage)
             ... on level 1 of the Dungeon.
             The game lasted 00:02:57 (551 turns).

DUBB the Ducker (Demonspawn Gladiator)               Turns: 551, Time: 00:03:23

Health: -19/23     AC:  5    Str: 14    XL:     2   Next: 10%
Magic:  2/2        EV: 12    Int:  9    God:
Gold:   15         SH:  0    Dex: 14    Spells: 1/1 levels left

rFire   + . .      SeeInvis .   a - +0 war axe
rCold   x . .      Faith    .   (no shield)
rNeg    . . .      Spirit   .   b - +1 leather armour
rPois   .          Reflect  .   c - +0 helmet
rElec   .          Harm     .   (no cloak)
rCorr   .          Rampage  .   (no gloves)
Will    .....                   (no boots)
Stlth   +.........              (no amulet)
HPRegen 0.07/turn               e - ring of fire
MPRegen 0.08/turn               (no ring)

@: no status effects
A: foul stench 1
a: no special abilities


You were on level 1 of the Dungeon.
You visited 1 branch of the dungeon, and saw 1 of its levels.

You collected 15 gold pieces.

Inventory:

Hand Weapons
 a - a +0 war axe (weapon)
Missiles
 d - 3 throwing nets (quivered)
Armour
 b - a +1 leather armour (worn)
 c - a +0 helmet (worn)
Jewellery
 e - a ring of fire (left hand)


   Skills:
 + Level 2.5 Fighting
 - Level 2.6 Axes
 - Level 1.7 Throwing
 + Level 0.7 Armour
 - Level 2.6 Dodging
 + Level 0.1 Stealth


You had one spell level left.
You didn't know any spells.
Your spell library was empty.

Dungeon Overview and Level Annotations

Branches:
Dungeon (1/15)

Altars:


Innate Abilities, Weirdness & Mutations

You may rarely emit foul miasma when damaged in melee.


Message History

Your demonic ancestry asserts itself...
You begin to emit a foul stench of rot and decay.
Your movement speed is average.
Your attack delay is about 1.3.
You are not religious.
Annotate which branch? (. - D:1, ? - help, ! - show branch list)
Okay, then.
An endoplasm comes into view.
The endoplasm barely misses you.
You slash the endoplasm!
You kill the endoplasm!
Found 2 gold pieces.
A frilled lizard comes into view.
Found a stone staircase leading down.
You closely miss the frilled lizard. The frilled lizard closely misses you.
You closely miss the frilled lizard. The frilled lizard barely misses you.
The frilled lizard closely misses you.
You hit the frilled lizard but do no damage.
The frilled lizard barely misses you.
You barely miss the frilled lizard.
The frilled lizard bites you but does no damage.
You barely miss the frilled lizard.
The frilled lizard barely misses you. x2
You miss the frilled lizard. The frilled lizard misses you.
You barely miss the frilled lizard. The frilled lizard barely misses you.
You slash the frilled lizard!
You kill the frilled lizard!
You now have 15 gold pieces (gained 2).
A kobold comes into view.
It is wielding a +0 short sword of electrocution.
A frilled lizard and a goblin come into view.
The frilled lizard hisses angrily.
The kobold hits you with a +0 short sword of electrocution.
You are electrocuted!!
Ouch! That really hurt!
* * * LOW HITPOINT WARNING * * *
You hit the kobold.
The kobold is severely wounded.
The kobold hits you with a +0 short sword of electrocution.
* * * LOW HITPOINT WARNING * * *
You are electrocuted!!
Ouch! That really hurt!
You die...

# #. #.####.###
#.##.....##########..
#.##.# #..#..@K...lg.
#.##.###....####.##.#
#.##.##.....##
##.##†........#
###...#..........#
........#.>.....##
###...####.....## #
##.## ##..^## # #.#
##.##


You could see a goblin, a kobold and a frilled lizard.

Vanquished Creatures
  A dart slug (D:1)
  A ball python (D:1)
  An endoplasm (D:1)
  A kobold (D:1)
  A quokka (D:1)
  A frilled lizard (D:1)
  A goblin (D:1)
  A rat (D:1)
8 creatures vanquished.

Notes
Turn   | Place    | Note
-------+----------+-------------------------------------------
     0 | D:1      | DUBB the Demonspawn Gladiator began the quest for the Orb.
     0 | D:1      | Reached XP level 1. HP: 16/16 MP: 1/1
   512 | D:1      | Gained mutation: You may rarely emit foul miasma when
                  | damaged in melee. [demonic ancestry]
   512 | D:1      | Reached XP level 2. HP: 23/23 MP: 2/2
   551 | D:1      | HP: 1/23 [kobold (1)]
   551 | D:1      | Demolished by a kobold

Illustrated notes

Levels and vault maps discovered:
D:1:      sevenhm_arrival_forest_fort_small_4, layout_loops_ring,
          supply_closet_lemuel

Action                   || total
-------------------------++-------
Melee: War axe           ||    27
  Use: Scroll            ||     1
 Stab: Sleeping          ||     1
Armor: Leather armour    ||     3
Dodge: Dodged            ||    20

Table legend: (Time is in decaauts)
 A = Elapsed time spent in this place.
 B = Non-inter-level travel time spent in this place.
 C = Inter-level travel time spent in this place.
 D = Time resting spent in this place.
 E = Time spent auto-exploring this place.
 F = Levels seen in this place.
 G = Mean time per level.
                   A        B        C        D        E       F      G
               +--------+--------+--------+--------+--------+-----+--------+
         Total |    563 |    563 |      0 |    252 |      0 |   1 |  563.0 |
       Dungeon |    563 |    563 |      0 |    252 |      0 |   1 |  563.0 |
               +--------+--------+--------+--------+--------+-----+--------+

Top non-repeatable levels by time:
     D:1: 563 daAuts
